 Dungeon Crawl Stone Soup version 0.29.0-4-gdea44cf6ec (webtiles) character file.

Game seed: 11719673368386084529

0 qw the Sneak (level 1, -1/14 HPs)
             Began as a Gargoyle Delver on Sept 10, 2022.
             Slain by a white imp (3 damage)
             ... on level 5 of the Dungeon.
             The game lasted 00:00:01 (48 turns).

qw the Sneak (Gargoyle Delver)                        Turns: 48, Time: 00:00:01

Health: -1/14      AC:  5    Str: 15    XL:     1   Next: 0%
Magic:  1/1        EV: 11    Int: 10    God:
Gold:   29         SH:  0    Dex: 11    Spells: 0/0 levels left

rFire   . . .      SeeInvis .   a - +0 hand axe
rCold   . . .      Faith    .   (no shield)
rNeg    + . .      Spirit   .   b - +0 leather armour
rPois   inf        Reflect  .   (no helmet)
rElec   +          Harm     .   (no cloak)
rCorr   .          Rampage  .   (no gloves)
Will    .....                   (no boots)
Stlth   +++.......              (no amulet)
HPRegen 0.04/turn               (no ring)
MPRegen 0.07/turn               (no ring)

@: no status effects
A: sickness immunity, AC +2, negative energy resistance 1, electricity
resistance, torment resistance 1, petrification resistance
a: no special abilities


You were on level 5 of the Dungeon.
You visited 1 branch of the dungeon, and saw 1 of its levels.

You collected 29 gold pieces.


Innate Abilities, Weirdness & Mutations

You are immune to sickness and miasma.
Your stone body is resilient. (AC +2)
You are immune to poison.
You resist negative energy. (rN+)
You are resistant to electric shocks. (rElec)
You are resistant to unholy torment.
You are immune to petrification.


   Skills:
 - Level 3.2 Fighting
 + Level 1.7 Axes
 - Level 1.5 Dodging
 - Level 5.4 Stealth


You couldn't memorise any spells.
You didn't know any spells.
Your spell library was empty.

Inventory:

Hand Weapons
 a - a +0 hand axe (weapon)
Armour
 b - a +0 leather armour (worn)
Wands
 g - a wand of digging (3)
Scrolls
 c - a scroll of fog
 d - a scroll of magic mapping
 e - a scroll of fear
Potions
 f - 3 potions of haste
 h - a potion of mutation {unknown}

Dungeon Overview and Level Annotations

Branches:
Dungeon (5/15)
 Temple: D:4-7

Altars:
Hepliaklqana
Nemelex Xobeh


Message History

f - 3 potions of haste (gained 2)
You see here 4 stones.
Found 5 stones.
Found a hazy altar of Hepliaklqana.
You now have 11 gold pieces.
Found a trident.
You now have 29 gold pieces (gained 18).
h - a grey potion A white imp comes into view.
The white imp shouts!
You hear a shout! x2
An adder comes into view.
Found a sparkling altar of Nemelex Xobeh.
The adder moves out of view.
Found a grey potion.
The white imp hits you but does no damage.
You hit the white imp but do no damage. The white imp closely misses you.
You hit the white imp.
The white imp is moderately wounded.
The white imp barely misses you.
You closely miss the white imp.
The white imp is moderately wounded.
The white imp hits you. The white imp freezes you.
You barely miss the white imp.
The white imp is moderately wounded.
The white imp gestures at you. The puff of frost hits you.
The white imp closely misses you.
You hear a shout!
You hit the white imp but do no damage.
The white imp is moderately wounded.
The white imp hits you but does no damage.
You hear a shout!
You hit the white imp.
The white imp is severely wounded.
You hear a shout!
The white imp hits you but does no damage.
You hit the white imp but do no damage.
The white imp is severely wounded.
The white imp hits you. The white imp freezes you.
You die...

... #.# #.# #.# #
#.# ... #.#
.....###.#####
.!_...5@.....#
.....###.###.######
... .............#
#
###.###>####.######
#.# #.# ##.......
#.# #.# #.....)..
#.# #.# #..~~~...
#.# #.###.~~~~~..
#(..#.~~_~~..


You could see a white imp.

Vanquished Creatures (others)
  2 plants (D:5)
2 creatures vanquished.

Notes
Turn   | Place    | Note
-------+----------+-------------------------------------------
     0 | D:5      | qw the Gargoyle Delver began the quest for the Orb.
     0 | D:5      | Reached XP level 1. HP: 14/14 MP: 1/1
     0 | D:5      | 0 ||| qw: Version: 0.1-a-116-g5d60599
     0 | D:5      | 0 ||| qw: Game counter: 8674
     0 | D:5      | 0 ||| qw: Always use a shield: true
     0 | D:5      | 0 ||| qw: God list: Okawaru
     0 | D:5      | 0 ||| qw: Allow faded altars: false
     0 | D:5      | 0 ||| qw: Do Orc after D:15 true
     0 | D:5      | 0 ||| qw: Do second Lair branch before Depths: true
     0 | D:5      | 0 ||| qw: Lair rune preference: random
     0 | D:5      | 0 ||| qw: Plans: Normal
     0 | D:5      | 0 ||| PLANNING D:1-11
    14 | D:5      | Found a hazy altar of Hepliaklqana.
    39 | D:5      | Found a sparkling altar of Nemelex Xobeh.
    45 | D:5      | HP: 3/14 [white imp/puff of frost (6)]
    48 | D:5      | Slain by a white imp

Levels and vault maps discovered:
D:5:      layout_loops_ring, mainiacjoe_overflow_boulevard,
          mainiacjoe_overflow_catwalk, temple_doors_ab

Action                   || total
-------------------------++-------
Melee: Hand axe          ||     7
Armor: Leather armour    ||     3
Dodge: Dodged            ||     3

Table legend:
 A = Non-vault XP
 B = Vault XP
 C = Vault XP percentage of total XP
 D = Non-vault monster count
 E = Vault monster count
 F = Vault count percentage of total count
                 A         B        C        D         E       F
            +---------+---------+-------+---------+---------+-------
      Total |       0 |       0 |   N/A |       0 |       0 |  -nan
            +---------+---------+-------+---------+---------+-------
            +---------+---------+-------+---------+---------+-------
